 Dungeon Crawl Stone Soup version 0.22.1-1-ga44c0e5 (webtiles) character file.

11277 PeMo the Spear-Bearer (level 11, -4/102 HPs)
             Began as a Minotaur Fighter on Oct 17, 2018.
             Was a High Priest of Okawaru.
             Slain by a skeletal warrior
             ... wielding a +0 hand axe
             ... led by a skeletal warrior
              (11 damage)
             ... on level 10 of the Dungeon.
             The game lasted 00:40:17 (9892 turns).

PeMo the Spear-Bearer (Minotaur Fighter)            Turns: 9892, Time: 00:40:19

Health: -4/102     AC: 18    Str: 23 (24) XL:     11   Next: 47%
Magic:  10/10      EV:  9    Int:  5      God:    Okawaru [*****.]
Gold:   607        SH:  0    Dex:  9 (10) Spells: 10/10 levels left

rFire    . . .     SeeInvis .   B - +5 spear
rCold    + + .     Gourm    .   (no shield)
rNeg     . . .     Faith    .   T - +0 plate armour
rPois    .         Spirit   .   x - +1 hat
rElec    .         Reflect  .   v - +0 cloak
rCorr    .         Harm     .   e - +0 pair of gloves
MR       .....                  (no boots)
Stlth    ..........             (no amulet)
HPRegen  0.27/turn              w - ring of protection from cold
MPRegen  0.12/turn              N - ring of protection from cold

@: no status effects
A: retaliatory headbutt, horns 2
a: Heroism, Finesse, Renounce Religion


You were on level 10 of the Dungeon.
You worshipped Okawaru.
Okawaru was extremely pleased with you.
You were hungry.

You visited 2 branches of the dungeon, and saw 12 of its levels.

You collected 607 gold pieces.

Inventory:

Hand Weapons
 a - a +0 trident
 B - a +5 spear (weapon)
 C - a +0 whip of electrocution
 E - a +4 scimitar of flaming
 F - a +2 long sword of slicing
 S - a +1 scimitar of flaming
Missiles
 g - 11 tomahawks (quivered)
 m - 8 javelins
 p - 2 silver tomahawks
Armour
 b - a +0 scale mail
 c - a +0 shield
 e - a +0 pair of gloves (worn)
 v - a +0 cloak (worn)
 x - a +1 hat (worn)
 y - the +5 robe of the Shore {Str+6}
   (You found it on level 6 of the Dungeon)

   It affects your strength (+6).
 O - a +2 ring mail of fire resistance
 T - a +0 plate armour (worn)
Jewellery
 w - a ring of protection from cold (left hand)
 N - a ring of protection from cold (right hand)
 P - an uncursed ring of protection from cold
 Q - an uncursed ring of positive energy {unknown}
Wands
 G - a wand of paralysis (19)
 H - a wand of polymorph (12)
 K - a wand of scattershot (2)
 U - a wand of acid (5)
Scrolls
 d - 2 scrolls of fear {unknown}
 i - 6 scrolls of remove curse {unknown}
 j - a scroll of enchant armour {unknown}
 k - 7 scrolls of teleportation {unknown}
 l - a scroll of fog {unknown}
 n - 14 scrolls of identify {unknown}
 o - 2 scrolls of immolation {unknown}
 r - 2 scrolls of enchant weapon {unknown}
 u - 3 scrolls of magic mapping {unknown}
 z - 2 scrolls of amnesia {unknown}
 I - 2 scrolls of acquirement {unknown}
 R - a scroll of blinking {unknown}
Potions
 h - a potion of lignification
 s - a potion of curing
 M - a potion of flight {unknown}
Comestibles
 f - 24 rations


   Skills:
 * Level 11.1 Fighting
 - Level 14.3 Polearms
 - Level 10.3 Armour
 + Level 6.4 Dodging
 - Level 3.6 Shields


You had 10 spell levels left.
You didn't know any spells.
Your spell library contained the following spells:

 Spells                   Type           Power        Failure   Level  Hunger
 Beastly Appendage        Tmut           #.....       99%         1    ##.....
 Magic Dart               Conj           #...         99%         1    ##.....
 Shock                    Conj/Air       #...         99%         1    ##.....
 Blink                    Tloc           N/A          100%        2    ###....
 Call Imp                 Summ           #.......     100%        2    ###....
 Poisonous Vapours        Pois/Air       #.....       100%        2    ###....
 Slow                     Hex            #.......     100%        2    ###....
 Sticks to Snakes         Tmut           #.......     100%        2    ###....
 Conjure Flame            Conj/Fire      #.......     100%        3    ####...
 Mephitic Cloud           Conj/Pois/Air  #.......     100%        3    ####...
 Spider Form              Tmut/Pois      #.........   100%        3    ####...
 Ice Form                 Ice/Tmut       #.......     100%        4    #####..
 Blade Hands              Tmut           #.........   100%        5    ######.
 Silence                  Hex/Air        #.........   100%        5    ######.
 Freezing Cloud           Conj/Ice/Air   #.........   100%        6    #######
 Simulacrum               Ice/Necr       #.........   100%        6    #######


Dungeon Overview and Level Annotations

Branches:
Dungeon (11/15)            Temple (1/1) D:7            Lair (0/6) D:9
    Orc: D:9-12

Altars:
Ashenzari
Cheibriados
Dithmenos
Elyvilon
Fedhas
Gozag
Hepliaklqana
Kikubaaqudgha
Makhleb
Nemelex Xobeh
Okawaru
Qazlal
Ru
Sif Muna
Trog
Uskayaw
Vehumet
Wu Jian
Xom
Yredelemnul
Zin
The Shining One

Shops:
D:7 (   D:9 [

Annotations:
D:2 2 transporters, Menkaure, Robin


Innate Abilities, Weirdness & Mutations

You reflexively headbutt those who attack you in melee.
You have a pair of horns on your head.


Message History

Aim: a skeletal warrior, wielding a hand axe (severely damaged)
The burst of metal fragments hits the skeletal warrior. x2
The skeletal warrior is severely damaged.
Evoke which item? (* to show all) (? for menu, Esc to quit)
Aiming: Scattershot
Press: ? - help, Shift-Dir - straight line, f/p - skeletal warrior
Aim: a skeletal warrior, wielding a hand axe (severely damaged)
The burst of metal fragments hits the skeletal warrior. x3
The skeletal warrior is severely damaged.
The skeletal warrior hits you with a hand axe!
* * * LOW HITPOINT WARNING * * *
Evoke which item? (* to show all) (? for menu, Esc to quit)
Aiming: Corrosive Bolt
Press: ? - help, Shift-Dir - straight line, f/p - skeletal warrior
Aim: a skeletal warrior, wielding a hand axe (severely damaged)
The bolt of acid hits the skeletal warrior.
The skeletal warrior is splashed with acid.
The skeletal warrior is almost destroyed.
The skeletal warrior hits you with a hand axe!
You die...

#......#.......#.#....+.....+.
#......#.......#.#....#.....#.
#......'.......#.#....#..<..#.
####......#.......#.#'####.....##
..........#.......#..............
..........#.......#......########
..........#########......#
#######..................#
#........z@.########
#....######## #....# ######


You could see a skeletal warrior.

Vanquished Creatures
  A hydra (D:8)
  Erica (D:8)
  A skeletal warrior (D:11)
  Pikel (D:7)
  Joseph (D:9)
  Maurice (D:9)
  Psyche (D:9)
  An efreet (D:11)
  A troll (D:10)
  A hornet (D:8)
  Prince Ribbit (D:8)
  2 hippogriffs
  A wyvern (D:9)
  A shadow (D:8)
  5 yaks
  A basilisk (D:9)
  A steam dragon (D:9)
  3 hungry ghosts
  A water moccasin (D:8)
  2 ice beasts (D:8)
  6 orc warriors
  2 slaves (D:8)
  4 sky beasts
  2 phantoms
  A necrophage (D:8)
  7 ogres
  A centaur (D:7)
  A crocodile (D:9)
  A big kobold (D:11)
  3 bullfrogs
  2 scorpions
  A water moccasin skeleton (D:9)
  10 killer bees
  5 wights
  A howler monkey (D:8)
  5 crimson imps
  A centaur zombie (D:10)
  3 quasits
  2 hounds (D:5)
  4 orc priests
  2 bullfrog skeletons
  2 centaur skeletons
  4 jellies
  13 orc wizards
  Jessica (D:2)
  4 worker ants
  A hound zombie (D:5)
  3 worker ant zombies
  3 gnolls (D:2)
  6 adders
  A howler monkey skeleton (D:4)
  A shadow imp (D:8)
  10 oozes
  4 adder skeletons
  A worm (D:2)
  A dart slug (D:2)
  8 leopard geckos
  47 orcs
  4 ball pythons
  5 giant cockroaches
  3 goblins
  6 hobgoblins
  16 jackals
  14 kobolds
  A quokka (D:2)
  7 bats
  4 frilled lizards
  A jackal zombie (D:5)
  3 quokka skeletons
  4 rats
270 creatures vanquished.

Vanquished Creatures (others)
  2 slaves (D:8)
  A scorpion (D:8)
  13 toadstools
16 creatures vanquished.

Grand Total: 286 creatures vanquished

Notes
Turn   | Place    | Note
-------+----------+-------------------------------------------
     0 | D:1      | PeMo the Minotaur Fighter began the quest for the Orb.
     0 | D:1      | Reached XP level 1. HP: 19/19 MP: 0/0
   145 | D:1      | Reached skill level 3 in Polearms
   213 | D:1      | Reached XP level 2. HP: 24/26 MP: 1/1
   636 | D:2      | Noticed Robin
   641 | D:2      | Noticed Menkaure
   643 | D:2      | Found a basalt altar of Yredelemnul.
   681 | D:2      | Found an ancient bone altar of Kikubaaqudgha.
   684 | D:2      | Found a transporter.
   714 | D:2      | Reached XP level 3. HP: 19/31 MP: 2/2
   716 | D:2      | Reached skill level 4 in Polearms
   988 | D:2      | Noticed Jessica
   992 | D:2      | Killed Jessica
   992 | D:2      | Reached XP level 4. HP: 39/39 MP: 3/3
  1028 | D:2      | Found a transporter.
  1306 | D:2      | Found a faded altar of an unknown god.
  1471 | D:3      | Found a glowing golden altar of the Shining One.
  1491 | D:3      | Reached skill level 5 in Polearms
  1669 | D:3      | Reached skill level 5 in Armour
  1669 | D:3      | Reached XP level 5. HP: 45/45 MP: 4/4
  1807 | D:3      | Reached skill level 6 in Polearms
  2123 | D:3      | Reached XP level 6. HP: 49/51 MP: 5/5
  2638 | D:4      | Reached skill level 7 in Polearms
  3168 | D:4      | Reached XP level 7. HP: 44/57 MP: 6/6
  3200 | D:5      | Entered Level 5 of the Dungeon
  3272 | D:5      | Reached skill level 8 in Polearms
  3583 | D:5      | Found an ornate altar of the Wu Jian Council.
  3836 | D:5      | Reached skill level 9 in Polearms
  4153 | D:6      | Reached XP level 8. HP: 64/64 MP: 7/7
  4381 | D:6      | Got a faintly humming robe
  4678 | D:7      | Reached skill level 10 in Polearms
  4832 | D:7      | Noticed a hippogriff
  4841 | D:7      | Killed a hippogriff
  4891 | D:7      | Found Temilyoth's Weapon Boutique.
  4977 | D:7      | Reached skill level 11 in Polearms
  5010 | D:7      | Found a staircase to the Ecumenical Temple.
  5019 | Temple   | Entered the Ecumenical Temple
  5248 | D:7      | Found a blossoming altar of Fedhas.
  5252 | D:7      | Found a radiant altar of Vehumet.
  5257 | D:7      | Found a shadowy altar of Dithmenos.
  5404 | D:7      | Found a bloodstained altar of Trog.
  5404 | D:7      | Found a hazy altar of Hepliaklqana.
  5404 | D:7      | Found a glowing silver altar of Zin.
  5404 | D:7      | Found a shattered altar of Ashenzari.
  5411 | D:7      | Found a sparkling altar of Nemelex Xobeh.
  5411 | D:7      | Found an iron altar of Okawaru.
  5421 | D:7      | Became a worshipper of Warmaster Okawaru
  5477 | D:8      | Noticed a hornet
  5485 | D:8      | Killed a hornet
  5485 | D:8      | Reached XP level 9. HP: 37/70 MP: 8/8
  5805 | D:8      | Reached * piety under Okawaru
  6048 | D:7      | Reached skill level 12 in Polearms
  6387 | D:8      | Noticed Pikel
  6416 | D:7      | Killed Pikel
  6590 | D:8      | Noticed Erica
  6615 | D:8      | Killed Erica
  6615 | D:8      | Reached ** piety under Okawaru
  6615 | D:8      | Reached skill level 13 in Polearms
  6615 | D:8      | Reached skill level 10 in Armour
  6841 | D:8      | Noticed Prince Ribbit
  6849 | D:8      | Killed Prince Ribbit
  6873 | D:8      | Noticed a six-headed hydra
  6888 | D:8      | Killed a six-headed hydra
  6888 | D:8      | Reached skill level 14 in Polearms
  6888 | D:8      | Reached XP level 10. HP: 37/77 MP: 6/9
  7214 | D:8      | Reached *** piety under Okawaru
  7330 | D:8      | Reached skill level 5 in Fighting
  7546 | D:9      | Noticed Maurice
  7595 | D:9      | Killed Maurice
  7621 | D:9      | Reached skill level 1 in Dodging
  7656 | D:9      | Reached **** piety under Okawaru
  7930 | D:9      | Found a staircase to the Lair.
  8002 | D:9      | Noticed Joseph
  8018 | D:9      | Killed Joseph
  8039 | D:9      | Noticed Psyche
  8043 | D:9      | Identified the +5 robe of the Shore {Str+6} (You found it
                  | on level 6 of the Dungeon)
  8045 | D:9      | Killed Psyche
  8273 | D:9      | Found Juog's Antique Armour Boutique.
  8388 | D:9      | Reached XP level 11. HP: 81/97 MP: 10/10
  8471 | D:9      | Identified the Volume of Sinister Lightness
  8773 | D:10     | Entered Level 10 of the Dungeon
  8893 | D:10     | Reached ***** piety under Okawaru
  8893 | D:10     | Reached skill level 5 in Dodging
  9311 | D:10     | Reached skill level 10 in Fighting
  9807 | D:11     | Noticed a skeletal warrior
  9808 | D:11     | Noticed a skeletal warrior
  9809 | D:11     | Noticed a skeletal warrior
  9844 | D:11     | Killed a skeletal warrior
  9886 | D:11     | HP: 1/102 [skeletal warrior/hand axe[a skeletal warrior]
                  | (17)]
  9892 | D:10     | Slain by a skeletal warrior

Skill      XL: |  1  2  3  4  5  6  7  8  9 10 11 |
---------------+----------------------------------+-----
Polearms       | 3 4 5 6 7 9 11 14 | 14.3
Armour         | 4 5 6 7 8 10 | 10.3
Fighting       | 9 11 | 11.1
Dodging        | 4 6 |  6.4
Shields        | |  3.6

Action                   |  1- 3 |  4- 6 |  7- 9 | 10-12 || total
-------------------------+-------+-------+-------+-------++-------
Melee: Trident           |    67 |   197 |   261 |       ||   525
       Headbutt          |     2 |    23 |    51 |    56 ||   132
       Spear             |       |       |    74 |   417 ||   491
Throw: Javelin           |       |       |     2 |     3 ||     5
       Tomahawk          |       |       |       |    16 ||    16
Invok: Heroism           |       |       |     1 |     2 ||     3
Evoke: Wand              |       |       |       |    12 ||    12
  Use: Potion            |     3 |       |     2 |    13 ||    18
 Stab: Paralysed         |       |       |       |     3 ||     3
  Eat: Chunk             |       |     7 |    10 |    11 ||    28
       Ration            |       |       |     1 |       ||     1
Armor: Scale mail        |    24 |    59 |   106 |    19 ||   208
       Robe              |       |       |       |     1 ||     1
       Plate armour      |       |       |       |    50 ||    50
       Ring mail         |       |       |       |    23 ||    23
       Skin              |       |       |       |     2 ||     2
Dodge: Dodged            |    26 |    56 |   124 |    90 ||   296
